 Seeded DCSS version 0.31-a0-38-g1548c4f (webtiles) character file.

Game seed: 4216603350495816254 (custom seed)

49 Ayyar the Ruffian (level 3, -1/31 HPs)
             Began as a Naga Transmuter on May 16, 2023.
             Slain by a jelly (2 damage)
             ... on level 2 of the Dungeon.
             The game lasted 00:06:32 (1660 turns).

Ayyar the Ruffian (Naga Transmuter)                 Turns: 1660, Time: 00:06:33

Health: -1/31      AC: -1    Str: 12    XL:     3   Next: 75%
Magic:  5/6        EV:  9    Int: 15    God:
Gold:   97         SH:  3    Dex: 11    Spells: 5/6 levels left

rFire   . .          .
                       - Unarmed
rCold   . . .        c - +0 buckler
rNeg    . . .        a - +0 robe
rPois   +            (helmet currently unavailable)
rElec   .            (no cloak)
rCorr   .            b - +0 pair of gloves
SInv    +            (no barding)
Will    .....        (no amulet)
Stlth   ++           (no ring)
HPRegen 0.25/turn    (no ring)
MPRegen 0.10/turn

%: no passive effects
@: appendages, corroded, very slow
A: horns 2, AC +1, large, see invisible, deformed body, poison resistance,
slowness 2, spit poison 1, naga tail 1
a: Spit Poison, End Transformation


You were on level 2 of the Dungeon.
You had temporarily grown beastly horns.
You visited 1 branch of the dungeon, and saw 2 of its levels.

You collected 97 gold pieces.

Inventory:

Hand Weapons
 e - a +1 dagger of speed
Missiles
 f - 5 atropa-tipped darts
Armour
 a - a +0 robe (worn)
 b - a +0 pair of gloves (worn)
 c - a +0 buckler (worn)
Wands
 h - a wand of roots (8)
Scrolls
 d - a scroll of poison {unknown}
 g - 2 scrolls of teleportation {unknown}
 i - a scroll of fog {unknown}


   Skills:
 + Level 1.5 Fighting
 + Level 1.8 Dodging
 + Level 1.7 Stealth
 + Level 3.2 Unarmed Combat
 + Level 2.4 Spellcasting
 + Level 2.4 Transmutations


You had 5 spell levels left.
You knew the following spells:

 Your Spells              Type           Power      Damage    Failure   Level
a - Beastly Appendage     Tmut           18%        N/A       12%         1

Your spell library contained the following spells:

 Spells                   Type           Power      Damage    Failure   Level
 Wereblood                Tmut           9%         N/A       17%         2
 Spider Form              Tmut/Pois      5%         N/A       50%         3
 Call Canine Familiar     Summ           1%         N/A       67%         3
 Portal Projectile        Hex/Tloc       2%         N/A       67%         3
 Ice Form                 Ice/Tmut       5%         N/A       88%         4
 Cause Fear               Hex            0%         N/A       97%         4
 Leda's Liquefaction      Hex/Erth       0%         N/A       97%         4
 Dragon Form              Tmut           4%         N/A       100%        7
 Dragon's Call            Summ           0%         N/A       100%        9


Dungeon Overview and Level Annotations

Branches:
Dungeon (2/15)

Altars:


Innate Abilities, Weirdness & Mutations

You have temporarily grown beastly horns.
Your serpentine skin is tough. (AC +1)
You have supernaturally acute eyesight. (SInv)
Armour fits poorly on your strangely shaped body.
Your system is resistant to poisons. (rPois)
You cover ground very slowly.
You can spit poison.
You have a snake-like lower body.


Message History

The kobold hits you with a +1 dagger of speed.
You hit the kobold.
You kill the kobold!
No target in view!
You now have 97 gold pieces (gained 9).
Things that are here:
a +1 dagger of speed; 3 stones
e - a +1 dagger of speed Your horns disappear.
h - a wand of roots (8)
You pick up a book of the Dragon and begin reading...
You add the spells Cause Fear, Dragon Form and Dragon's Call to your library.
You open the door.
Found a stone staircase leading down.
Found 2 stones.
There is an open door here.
There is a stone staircase leading down here.
Found a stone staircase leading up.
There is a stone staircase leading up here.
i - a scroll labelled MOMUNI QEUNN
Found a stone staircase leading up.
A jelly comes into view.
A rat comes into view.
You grow a pair of large bovine horns.
The jelly hits you.
You are splashed with acid!
You barely miss the jelly. The jelly hits you but does no damage.
You hit the jelly. The acid corrodes you!
Your hands burn!
You headbutt the jelly.
The jelly is moderately wounded.
The jelly barely misses you.
You hit the jelly but do no damage.
Your hands burn!
The jelly is moderately wounded.
The jelly hits you.
You are splashed with acid!
* * * LOW HITPOINT WARNING * * *
You hit the jelly but do no damage.
Your hands burn!
* * * LOW HITPOINT WARNING * * *
Your headbutt misses the jelly.
The jelly is moderately wounded.
The jelly hits you.
You die...

# ############.##.##.....#.♣..P #
...........##.†.....♣PP. #
#######.#####...#...♣♣.. #
##<.....# #.#.#.....♣♣ #
........# #..<.......♣ #
........# ###########.. ####.
........# #. .......# .....
#######.####.####P#.#..# #####
..r....@..##.P......#..# .#
.......J...#.#P.....#..# .#
..........##.......P#..# .####
..........##.P......#..# .....
..........##.P......#..#
.####################.#.....P#...
...#.............# #.###+.P##.#.
...#.............# #..........#.
...#.............# ###....#####.


You could see a jelly and a rat (asleep).

Vanquished Creatures
  An adder (D:2)
  4 endoplasms
  3 giant cockroaches
  3 goblins (D:2)
  4 hobgoblins
  2 jackals (D:1)
  5 kobolds
  5 quokkas
  3 ball pythons
  2 bats (D:1)
  3 rats (D:1)
35 creatures vanquished.

Notes
Turn   | Place    | Note
-------+----------+-------------------------------------------
     0 | D:1      | Ayyar the Naga Transmuter began the quest for the Orb.
     0 | D:1      | Reached XP level 1. HP: 18/18 MP: 3/3
   260 | D:1      | Reached XP level 2. HP: 21/25 MP: 3/5
   631 | D:1      | Reached skill level 1 in Stealth
  1055 | D:2      | Reached XP level 3. HP: 24/31 MP: 4/6
  1332 | D:2      | Found a faded altar of an unknown god.
  1660 | D:2      | HP: 1/31 [acid (5)]
  1660 | D:2      | Slain by a jelly

Illustrated notes

Levels and vault maps discovered:
D:1:      tarquinn_simple_flora_water_b, layout_basic
D:2:      cheibrodos_old_hovel, layout_basic, ebering_ecumenical_altar_webs,
          serial_forest, infiniplex_forest_straight_3, infiniplex_forest_3_way,
          infiniplex_forest_clump_medium, infiniplex_forest_lined_3,
          infiniplex_forest_lined_2

Skill      XL: |  1  2 |
---------------+-------+-----
Stealth        | 1 |  1.7
Fighting       | |  1.5
Dodging        | |  1.8
Unarmed Combat | |  3.2
Spellcasting   | |  2.4
Transmutations | |  2.4

Action                     || total
---------------------------++-------
  Melee: Unarmed           ||   151
         Headbutt          ||    14
   Cast: Beastly Appendage ||    26
    Use: Potion            ||     2
   Stab: Sleeping          ||     1
 Armour: Robe              ||    30
         Skin              ||     6
  Dodge: Dodged            ||    85
  Block: Buckler           ||    15

Table legend: (Time is in decaauts)
 A = Elapsed time spent in this place.
 B = Non-inter-level travel time spent in this place.
 C = Inter-level travel time spent in this place.
 D = Time resting spent in this place.
 E = Time spent auto-exploring this place.
 F = Levels seen in this place.
 G = Mean time per level.
                   A        B        C        D        E       F      G
               +--------+--------+--------+--------+--------+-----+--------+
         Total |   2012 |   1989 |     23 |     37 |   1565 |   2 | 1006.0 |
       Dungeon |   2012 |   1989 |     23 |     37 |   1565 |   2 | 1006.0 |
               +--------+--------+--------+--------+--------+-----+--------+

Top non-repeatable levels by time:
     D:1: 1310 daAuts
     D:2: 701 daAuts
